 Dungeon Crawl Stone Soup version 0.28-a0-1510-gd0f6b136d3 (webtiles) character file.

Game seed: 8042957799399859227

27 Lekart the Skirmisher (level 2, 0/27 HPs)
             Began as a Draconian Abyssal Knight on Jan 15, 2022.
             Was a Follower of Lugonu.
             Slain by Terence (5 damage)
             ... on level 1 of the Dungeon.
             The game lasted 00:02:01 (1344 turns).

Lekart the Skirmisher (Draconian Abyssal Knight)    Turns: 1344, Time: 00:02:02

Health: 0/27       AC:  4    Str: 15    XL:     2   Next: 93%
Magic:  3/3        EV: 12    Int: 10    God:    Lugonu [*.....]
Gold:   7          SH:  0    Dex: 11    Spells: 1/1 levels left

rFire   . . .      SeeInvis .   a - +1 falchion
rCold   . . .      Faith    .   (no shield)
rNeg    . . .      Spirit   .   (armour unavailable)
rPois   .          Reflect  .   (helmet restricted)
rElec   .          Harm     .   (no cloak)
rCorr   .          Rampage  .   (no gloves)
Will    .....                   (no boots)
Stlth   +.........              (no amulet)
HPRegen 0.09/turn               (no ring)
MPRegen 0.08/turn               (no ring)

@: no status effects
A: AC +4, unfitting armour, cold-blooded
a: Renounce Religion, Depart the Abyss


You were on level 1 of the Dungeon.
You worshipped Lugonu.
Lugonu was aware of your devotion.
You visited 1 branch of the dungeon, and saw 2 of its levels.
You visited the Abyss 1 time.

You collected 7 gold pieces.

Inventory:

Hand Weapons
 a - a +1 falchion (weapon)
Missiles
 e - 13 stones (quivered)
 j - an atropa-tipped dart
Scrolls
 c - a scroll of vulnerability {unknown}
 g - a scroll of torment {unknown}
 h - a scroll of noise {unknown}
 i - a scroll of fear {unknown}
Potions
 b - 2 potions of haste {unknown}
 d - a potion of heal wounds {unknown}
 f - 2 potions of mutation {unknown}


   Skills:
 + Level 3.8 Fighting
 + Level 2.2 Long Blades
 + Level 0.3 Throwing
 + Level 2.4 Dodging
 * Level 2.4 Invocations


You had one spell level left.
You didn't know any spells.
Your spell library was empty.

Dungeon Overview and Level Annotations

Branches:
Dungeon (2/15)

Altars:

Annotations:
D:1 exclusion: downstairs, Terence


Innate Abilities, Weirdness & Mutations

Your plain brown scales are hard. (AC +4)
You cannot fit into any form of body armour.
You are cold-blooded and may be slowed by cold attacks.


Message History

You barely miss Terence. Terence hits you with a +0 flail.
Terence hits you but does no damage.
A giant cockroach comes into view.
You closely miss Terence. Terence closely misses you.
You barely miss Terence. Terence hits you with a +0 flail.
The gnoll shouts!
You hit Terence but do no damage. Terence closely misses you.
You hit Terence but do no damage. Terence barely misses you.
Okay, then.
The giant cockroach closely misses you.
Terence says, "Time to say good-bye..."
Terence hits you with a +0 flail. The giant cockroach bites you.
Found 8 gold pieces.
Terence says, "Don't bother to defend, it's useless."
There is a stone staircase leading up here.
The giant cockroach barely misses you.
The giant cockroach bites you but does no damage.
Terence hits you with a +0 flail!
You climb upwards.
Level annotation: exclusion: downstairs
There is a stone staircase leading down here.
The giant cockroach bites you but does no damage.
The giant cockroach closely misses you. The giant cockroach barely misses you.
There is a stone staircase leading down here.
The giant cockroach barely misses you.
Terence screams, "I'm going to kill you!"
You slash the giant cockroach!
You kill the giant cockroach!
Lugonu accepts your kill.
You barely miss Terence.
Your tail-slap misses Terence.
Terence barely misses you.
You hit Terence but do no damage. Terence completely misses you.
You barely miss Terence. Terence hits you with a +0 flail!
* * * LOW HITPOINT WARNING * * *
You hit Terence.
Terence is lightly wounded.
Terence hits you with a +0 flail.
You die...

#####.##.............#.# #.#
#.|.#.######..>......#.#####.#
#...#.# #.#.......#.....#.#
#...'.# #.........#####.#.#
#...### #.#.......#...#.#.#
####'##.######.#..)###.#.#..)#.#
#.##....##.........# #.#.###.#.#
..###...##.#...#@#.###.#.#...#.#
#.###.####.#...#@#.....#.#.#.#.#
#.....####.#.>...#######.#.#.#.#
#####.##...#.#.### ####.#.#.#.#
......##.###.#.# #.##.#.#.#.#
#####.##.###.#.######.##.#.#.#.#
#.....##...[.#.#.........#.#.#.#
#.############.###.##.#....#...#
#.# #.....##.#.######## ).#
########.#.#


You could see Terence.

Vanquished Creatures
  An adder (D:2)
  2 endoplasms (D:1)
  3 giant cockroaches (D:1)
  A hobgoblin (D:1)
  2 quokkas (D:1)
  A bat (D:1)
  5 kobolds
  2 rats (D:1)
17 creatures vanquished.

Notes
Turn   | Place    | Note
-------+----------+-------------------------------------------
     0 | Abyss:1  | Lekart the Draconian Abyssal Knight began the quest for the
                  | Orb.
     0 | Abyss:1  | Reached XP level 1. HP: 19/19 MP: 2/2
     9 | D:1      | Escaped the Abyss
   422 | D:1      | You fall into a shaft and drop 1 floor!
   439 | D:1      | Reached XP level 2. HP: 24/26 MP: 3/3
  1228 | D:2      | Noticed Terence
  1344 | D:1      | Slain by Terence

Illustrated notes

Levels and vault maps discovered:
D:1:      dpeg_arrival_three_bigger_balls, layout_basic
D:2:      layout_rooms, uniq_terence

Action                   || total
-------------------------++-------
Melee: Falchion          ||    64
       Tailslap          ||     3
Throw: Boomerang         ||     5
       Dart              ||    10
       Stone             ||     5
Armor: Skin              ||    19
Dodge: Dodged            ||    48

Table legend: (Time is in decaauts)
 A = Elapsed time spent in this place.
 B = Non-inter-level travel time spent in this place.
 C = Inter-level travel time spent in this place.
 D = Time resting spent in this place.
 E = Time spent auto-exploring this place.
 F = Levels seen in this place.
 G = Mean time per level.
                   A        B        C        D        E       F      G
               +--------+--------+--------+--------+--------+-----+--------+
         Total |   1363 |   1305 |     58 |    214 |    823 |   3 |  454.3 |
       Dungeon |   1354 |   1296 |     58 |    214 |    821 |   2 |  677.0 |
         Abyss |      9 |      9 |      0 |      0 |      2 |   1 |    9.0 |
               +--------+--------+--------+--------+--------+-----+--------+

Top non-repeatable levels by time:
     D:1: 952 daAuts
     D:2: 401 daAuts
 Abyss:1: 9 daAuts
